[Event "Titled Tuesday Blitz February 28 Early 2023"]
[White "Souleidis, Georgios"]
[Black "Koridze, Lile"]
[WhiteFideId "4206827"]
[BlackFideId "13612514"]
[WhiteElo "2401"]
[BlackElo "2047"]
[Result "1/2-1/2"]
[Round "06"]
[TimeControl "180+2"]
[Date "2023.02.28"]
[WhiteClock "0:00:08"]
[BlackClock "0:00:08"]

1. e4 c5 2. Be2 d6 3. d3 g6 4. f4 Bg7 5. Nf3 Nf6 6. O-O O-O 7. c3 Nc6 8. Kh1 a6 9. Be3 b5 10. a3 Bb7 11. Nbd2 Qc7 12. d4 cxd4 13. cxd4 Na5 14. Rc1 Qd7 15. Bd3 Rac8 16. Qe2 Nc4 17. Nxc4 bxc4 18. Bxc4 Nxe4 19. Bxa6 Bxa6 20. Qxa6 Rb8 21. b4 Ra8 22. Qd3 d5 23. Ne5 Qa4 24. Nc6 e6 25. Na5 Rfc8 26. Bg1 Nd6 27. h3 Nb5 28. Rc5 Rxc5 29. dxc5 Nxa3 30. Qd2 Qb5 31. Rc1 Nc4 32. Nxc4 dxc4 33. Qe2 Qxb4 34. Qxc4 Qxc4 35. Rxc4 Rc8 36. c6 Kf8 37. Bc5+ Ke8 38. Bd6 Bf8 39. Be5 Be7 40. g4 f6 41. Bd4 Bd6 42. Bb6 Bc7 43. Be3 Ke7 44. Kg2 Kd6 45. Bd2 Bb8 46. Bb4+ Kd5 47. Rc5+ Kd4 48. Kf3 Bd6 49. Rb5 Bxb4 50. Rxb4+ Kd5 51. Rb7 Rxc6 52. Rxh7 Rc3+ 53. Kg2 Ke4 54. Re7 Kxf4 55. Rxe6 Rc2+ 56. Kf1 Kg5 57. Kg1 f5 58. gxf5 gxf5 59. Re5 Kf4 60. Ra5 Kg3 61. Kf1 f4 62. h4 f3 63. Rg5+ Kxh4 64. Rg8 Rc4 65. Kf2 Rc2+ 66. Kxf3 Rc3+ 67. Ke2 Rg3 68. Rxg3 Kxg3 1/2-1/2


[Site "https://www.chess.com"]

[Event "Titled Tuesday Blitz February 28 Early 2023"]
[White "Prieto Aranguren, Alain"]
[Black "Mayank Chakraborty"]
[WhiteFideId "2268906"]
[BlackFideId "25659766"]
[WhiteElo "2209"]
[BlackElo "2103"]
[Result "0-1"]
[Round "06"]
[TimeControl "180+2"]
[Date "2023.02.28"]
[WhiteClock "0:00:29"]
[BlackClock "0:00:14"]

1. d4 Nf6 2. c4 e6 3. Nc3 Bb4 4. e3 O-O 5. Nf3 b6 6. Bd3 Bb7 7. O-O d5 8. cxd5 exd5 9. Ne5 Nbd7 10. f4 c5 11. Bd2 cxd4 12. exd4 a5 13. Be1 Ne4 14. Nxe4 dxe4 15. Bc4 Nxe5 16. fxe5 Bxe1 17. Rxe1 Kh8 18. Rf1 f5 19. d5 Qc7 20. Qd4 Rad8 21. Rac1 Qf7 22. Rfd1 b5 23. e6 Qe8 24. Bb3 a4 25. Rc7 Rg8 26. Rxb7 axb3 27. axb3 Qg6 28. e7 Rc8 29. d6 Rc2 30. Rd2 Rc1+ 31. Kf2 f4 32. Re2 e3+ 33. Kf3 Rf1+ 0-1


[Site "https://www.chess.com"]

[Event "Titled Tuesday Blitz February 28 Early 2023"]
[White "Klepikov, Nikita"]
[Black "Moroni, Luca Jr"]
[WhiteFideId "24145220"]
[BlackFideId "865834"]
[WhiteElo "2025"]
[BlackElo "2569"]
[Result "0-1"]
[Round "06"]
[TimeControl "180+2"]
[Date "2023.02.28"]
[WhiteClock "0:01:13"]
[BlackClock "0:02:42"]

1. e4 g6 2. d4 Nf6 3. Nc3 d6 4. Be2 Bg7 5. h4 h5 6. Nf3 O-O 7. Ng5 Nc6 8. f3 e5 9. d5 Nd4 10. Bc4 c6 11. Be3 b5 12. Bb3 c5 13. Bxd4 exd4 14. Nxb5 Qa5+ 15. c3 Qxb5 16. cxd4 cxd4 17. Qxd4 Ba6 18. Qd2 Rac8 19. Kf2 Nd7 20. Rac1 Nc5 21. Bc4 Qb6 22. Bxa6 Nxe4+ 0-1


[Site "https://www.chess.com"]

[Event "Titled Tuesday Blitz February 28 Early 2023"]
[White "Ozen, Bahadir"]
[Black "Valgmae, Toomas"]
[WhiteFideId "6337058"]
[BlackFideId "4502523"]
[WhiteElo "2503"]
[BlackElo "2170"]
[Result "1-0"]
[Round "06"]
[TimeControl "180+2"]
[Date "2023.02.28"]
[WhiteClock "0:01:37"]
[BlackClock "0:00:03"]

1. g3 d5 2. Nf3 c6 3. Bg2 Nf6 4. O-O Bg4 5. h3 Bh5 6. d3 Nbd7 7. Qe1 e5 8. e4 Bd6 9. Nh4 O-O 10. Nf5 Bc5 11. Nd2 Re8 12. Nb3 Bf8 13. Be3 Bg6 14. Nh4 a5 15. Nxg6 hxg6 16. a4 d4 17. Bd2 Bb4 18. Bxb4 axb4 19. Qxb4 b6 20. h4 Nh5 21. Qd2 Qc7 22. Bh3 Nhf6 23. Qe2 Ra6 24. Ra3 Rea8 25. Rfa1 Qd6 26. c3 Nc5 27. Nxc5 Qxc5 28. b4 Qd6 29. Qb2 dxc3 30. Qxc3 Nh7 31. a5 b5 32. Rc1 g5 33. h5 Nf6 34. Qd2 g4 35. Bf1 Nxh5 36. Qg5 Nf6 37. Rac3 Rc8 38. Rc5 Rc7 39. Qxe5 Qxe5 40. Rxe5 Ra8 41. Rxb5 Rac8 42. Rg5 1-0


[Site "https://www.chess.com"]

[Event "Titled Tuesday Blitz February 28 Early 2023"]
[White "Yurasova, Daria"]
[Black "Golubka, Petro"]
[WhiteFideId "34146919"]
[BlackFideId "14114224"]
[WhiteElo "2134"]
[BlackElo "2404"]
[Result "1/2-1/2"]
[Round "06"]
[TimeControl "180+2"]
[Date "2023.02.28"]
[WhiteClock "0:00:09"]
[BlackClock "0:02:17"]

1. d4 b5 2. Nf3 Bb7 3. g3 Bxf3 4. exf3 c6 5. f4 d5 6. Bg2 Nf6 7. O-O e6 8. a4 b4 9. c4 bxc3 10. bxc3 Nbd7 11. f5 exf5 12. Re1+ Be7 13. Ba3 c5 14. dxc5 O-O 15. Rxe7 Qxe7 16. c6 Nc5 17. Nd2 Rac8 18. Nb3 Rxc6 19. Bxd5 Nxd5 20. Qxd5 Qe6 21. Qxe6 Nxe6 22. Bxf8 Rxc3 23. Bxg7 Kxg7 24. Nd2 a5 25. Rb1 Ra3 26. Rb5 Rxa4 27. Rxf5 Rd4 28. Nf3 Rd1+ 29. Kg2 a4 30. Ra5 Ra1 31. Ne5 Kf6 32. Nc4 Nd4 33. Ra6+ Kg7 34. Ra7 Kg6 35. Ne5+ Kf5 36. Nxf7 a3 37. Nd6+ Ke6 38. Nc4 a2 39. Nd2 h5 40. h3 Kd5 41. Ra5+ Kc6 42. Ra4 Kd5 43. Ra5+ Kc6 44. Ra4 Kd5 45. Ra5+ 1/2-1/2


[Site "https://www.chess.com"]

[Event "Titled Tuesday Blitz February 28 Early 2023"]
[White "Aradhya, Garg"]
[Black "Mazurkiewicz, Michal"]
[WhiteFideId "25006746"]
[BlackFideId "1124943"]
[WhiteElo "2278"]
[BlackElo "2054"]
[Result "1-0"]
[Round "06"]
[TimeControl "180+2"]
[Date "2023.02.28"]
[WhiteClock "0:02:11"]
[BlackClock "0:00:30"]

1. d4 Nf6 2. c4 e5 3. dxe5 Ng4 4. Bf4 g5 5. Bd2 Bg7 6. Nc3 Nxe5 7. h4 h6 8. Nf3 g4 9. Nxe5 Bxe5 10. g3 Nc6 11. Bg2 d6 12. O-O Be6 13. Qa4 Qd7 14. Rfd1 Nd4 15. Qxd7+ Kxd7 16. b3 c6 17. Rac1 f5 18. Be3 c5 19. Bxb7 Rab8 20. Bg2 a5 21. Bf4 Bxf4 22. gxf4 a4 23. Rxd4 cxd4 24. Nb5 axb3 25. axb3 d5 26. Nxd4 dxc4 27. bxc4 Rb4 28. Rd1 Rxc4 29. Nxe6+ 1-0


[Site "https://www.chess.com"]

[Event "Titled Tuesday Blitz February 28 Early 2023"]
[White "Chernomordik, Pavel"]
[Black "Wagner, Dennis"]
[WhiteFideId "2804530"]
[BlackFideId "24650684"]
[WhiteElo "2193"]
[BlackElo "2470"]
[Result "0-1"]
[Round "06"]
[TimeControl "180+2"]
[Date "2023.02.28"]
[WhiteClock "0:00:03"]
[BlackClock "0:00:08"]

1. e4 c5 2. Nc3 Nc6 3. Bb5 Nd4 4. Bc4 e6 5. Nge2 a6 6. Nxd4 cxd4 7. Ne2 b5 8. Bb3 Bb7 9. d3 Bc5 10. O-O Ne7 11. Ng3 O-O 12. Qg4 d5 13. Bh6 Ng6 14. Bg5 Qd7 15. h4 f5 16. exf5 exf5 17. Qh3 h6 18. h5 Ne5 19. Bf4 Ng4 20. Rfe1 Bb4 21. Re2 Rae8 22. a3 Rxe2 23. Nxe2 Bc5 24. Bd2 Re8 25. Nf4 Kh7 26. Qf3 Bd6 27. g3 Bxf4 28. Bxf4 Qe6 29. Bd2 Qf7 30. Re1 Rxe1+ 31. Bxe1 Qxh5 32. Bxd5 Bxd5 33. Qxd5 Nf6 34. Qxd4 Qe2 35. Bc3 Qxc2 36. Kg2 Qe2 37. Qd6 Ng4 38. Qd4 Qe7 39. Qf4 Qb7+ 40. Kg1 Qd5 41. Qd4 Qxd4 42. Bxd4 Kg6 43. f3 Nf6 44. Bxf6 Kxf6 45. Kf2 Ke5 46. Ke3 g5 47. f4+ gxf4+ 48. gxf4+ Kd5 49. b3 a5 0-1


[Site "https://www.chess.com"]

[Event "Titled Tuesday Blitz February 28 Early 2023"]
[White "Md, Imran"]
[Black "Kochetov, Andrey"]
[WhiteFideId "25748580"]
[BlackFideId "24130532"]
[WhiteElo "2217"]
[BlackElo "2441"]
[Result "1-0"]
[Round "06"]
[TimeControl "180+2"]
[Date "2023.02.28"]
[WhiteClock "0:00:41"]
[BlackClock "0:00:01"]

1. d4 Nf6 2. Nf3 e6 3. Bf4 c5 4. e3 d5 5. Nc3 Bd6 6. dxc5 Bxc5 7. Bd3 O-O 8. O-O b6 9. e4 Bb7 10. e5 Ne4 11. Bxe4 dxe4 12. Ng5 Qd4 13. Qe2 Ba6 14. Qh5 h6 15. Rad1 Bxf1 16. Rxd4 Bxd4 17. Ngxe4 Bc4 18. Bxh6 gxh6 19. Qxh6 Bxe5 20. Qg5+ Kh7 21. Qh5+ Kg8 22. Qxe5 Nd7 23. Qg5+ Kh8 24. Qh6+ Kg8 25. Ng5 Bd3 26. cxd3 1-0


[Site "https://www.chess.com"]

[Event "Titled Tuesday Blitz February 28 Early 2023"]
[White "Tymrakiewicz, Rafal"]
[Black "Atakhan, Abtin"]
[WhiteFideId "1108832"]
[BlackFideId "22502203"]
[WhiteElo "2151"]
[BlackElo "2189"]
[Result "0-1"]
[Round "06"]
[TimeControl "180+2"]
[Date "2023.02.28"]
[WhiteClock "0:00:02"]
[BlackClock "0:00:02"]

1. d4 Nf6 2. Bg5 Ne4 3. Bf4 d5 4. e3 c5 5. Bd3 cxd4 6. exd4 Nc6 7. c3 e6 8. Nd2 Bd6 9. Bxd6 Nxd6 10. Ngf3 O-O 11. O-O f5 12. c4 Kh8 13. cxd5 exd5 14. Nb3 Ne4 15. Ne5 Nxe5 16. dxe5 Qb6 17. Qe2 Bd7 18. Kh1 Ba4 19. f3 Ng5 20. Qf2 Qxf2 21. Rxf2 Bxb3 22. axb3 a6 23. Rc2 Ne6 24. Rac1 g6 25. b4 Kg7 26. Kg1 Rf7 27. Kf2 Re7 28. g3 f4 29. Rc3 Rae8 30. Bb1 h5 31. Ba2 Rd7 32. Rc8 Rxc8 33. Rxc8 g5 34. Rc2 Kg6 35. Rd2 Nc7 36. Bb1+ Kf7 37. Bf5 Re7 38. e6+ Kf6 39. g4 hxg4 40. fxg4 Rh7 41. Kg2 Re7 42. Rd4 Nxe6 43. Rxd5 Nc7 44. Rd6+ Kf7 45. Rh6 Nb5 46. Rh7+ Kf6 47. Rxe7 Kxe7 48. Bd3 Nd4 49. h4 gxh4 50. Kh3 Nf3 0-1


[Site "https://www.chess.com"]

[Event "Titled Tuesday Blitz February 28 Early 2023"]
[White "Klose, Eli"]
[Black "Sernecki, Franciszek"]
[WhiteFideId "16242955"]
[BlackFideId "1169297"]
[WhiteElo "2613"]
[BlackElo "2210"]
[Result "0-1"]
[Round "06"]
[TimeControl "180+2"]
[Date "2023.02.28"]
[WhiteClock "0:00:14"]
[BlackClock "0:00:35"]

1. e4 e6 2. Nf3 d5 3. e5 c5 4. b4 cxb4 5. a3 bxa3 6. Bxa3 Bxa3 7. Nxa3 Ne7 8. Nb5 O-O 9. Rxa7 Rxa7 10. Nxa7 Bd7 11. Nb5 Bxb5 12. Bxb5 Qb6 13. Qb1 Nbc6 14. c3 d4 15. c4 Ng6 16. Qe4 Qc5 17. O-O Ncxe5 18. Qxb7 Nxc4 19. Bxc4 Qxc4 20. Qe4 Rd8 21. h4 Qd5 22. Re1 Ne7 23. Qf4 Qd6 24. Qe4 Nf5 25. g4 Ne7 26. h5 h6 27. Ne5 Qd5 28. Qf4 f6 29. Nd3 e5 30. Qg3 Qd6 31. Qf3 Qc6 32. Qd1 Nd5 33. Qb3 Kh8 34. Rc1 Qd6 35. Qb7 Qd7 36. Qa6 Qxg4+ 37. Kf1 Qxh5 0-1


[Site "https://www.chess.com"]

[Event "Titled Tuesday Blitz February 28 Early 2023"]
[White "Grot, Blazej"]
[Black "Vlassov, Nikolai"]
[WhiteFideId "21835845"]
[BlackFideId "4103360"]
[WhiteElo "1823"]
[BlackElo "2324"]
[Result "1-0"]
[Round "06"]
[TimeControl "180+2"]
[Date "2023.02.28"]
[WhiteClock "0:00:27"]
[BlackClock "0:00:03"]

1. e4 Nc6 2. Nf3 d5 3. exd5 Qxd5 4. Nc3 Qa5 5. g3 e5 6. Bg2 Nf6 7. O-O Bb4 8. a3 O-O 9. Re1 Bg4 10. h3 Bxf3 11. Qxf3 Nd4 12. Qd1 c6 13. Ne2 Bd6 14. Nxd4 exd4 15. d3 Rae8 16. Bd2 Rxe1+ 17. Qxe1 Qb5 18. b4 Re8 19. Qf1 Qa4 20. Qb1 Nd5 21. Bxd5 cxd5 22. Qd1 h6 23. Kg2 Rc8 24. Bxh6 Bf8 25. Ra2 Rc3 26. Bd2 Rxa3 27. Rxa3 Qxa3 28. Qb1 b5 29. h4 f6 30. h5 Kf7 31. g4 Bd6 32. f4 Qa6 33. g5 Qc8 34. g6+ Kg8 35. Qd1 Qf5 36. Qe2 Kf8 37. Kg3 Qg5+ 38. Qg4 Ke7 39. Kh3 Qxg4+ 40. Kxg4 Ke6 41. h6 gxh6 42. f5+ Ke7 43. Kh5 1-0


[Site "https://www.chess.com"]

[Event "Titled Tuesday Blitz February 28 Early 2023"]
[White "Fiedorek, Michal"]
[Black "Fiorito, Joaquin"]
[WhiteFideId "1199528"]
[BlackFideId "180173"]
[WhiteElo "2135"]
[BlackElo "2157"]
[Result "1-0"]
[Round "06"]
[TimeControl "180+2"]
[Date "2023.02.28"]
[WhiteClock "0:00:07"]
[BlackClock "0:00:07"]

1. e4 c6 2. d4 d5 3. Nc3 dxe4 4. Nxe4 Nf6 5. Nxf6+ exf6 6. c3 Bd6 7. Bd3 O-O 8. Qc2 Re8+ 9. Ne2 h5 10. Be3 Nd7 11. O-O-O b5 12. Ng3 Nb6 13. Rde1 Be6 14. Kb1 h4 15. Nf5 a5 16. Nxh4 Bf8 17. Qd1 Qd5 18. b3 a4 19. Bc2 axb3 20. axb3 Ra3 21. Qd3 Qh5 22. d5 Nxd5 23. Bc1 Ra7 24. Nf5 Rea8 25. Bb2 Ba3 26. Ba1 Bc5 27. Bb2 Ra2 28. g4 Qxg4 29. Nh6+ gxh6 30. Rhg1 Qxg1 31. Rxg1+ Kf8 32. Qd2 Ke7 33. b4 Bd6 34. Bb3 R2a7 35. Re1 Be5 36. Bxd5 cxd5 37. f4 Bf5+ 38. Kc1 Be4 39. fxe5 fxe5 40. Rxe4 dxe4 41. Qe3 f5 42. Qc5+ Kf6 43. c4 bxc4 44. Qxe5+ Kg5 45. Qf6+ Kf4 46. Be5+ Kg4 47. Qg6+ Kf3 48. Qxf5+ Ke3 49. Qf4+ Kd3 50. Qd2# 1-0


[Site "https://www.chess.com"]

[Event "Titled Tuesday Blitz February 28 Early 2023"]
[White "Chernov, Mikhail"]
[Black "Arabidze, Meri"]
[WhiteFideId "24143170"]
[BlackFideId "13604040"]
[WhiteElo "2113"]
[BlackElo "2405"]
[Result "0-1"]
[Round "06"]
[TimeControl "180+2"]
[Date "2023.02.28"]
[WhiteClock "0:00:05"]
[BlackClock "0:00:45"]

1. e4 c5 2. Nf3 e6 3. d4 cxd4 4. Nxd4 Nc6 5. Be2 a6 6. O-O Qc7 7. Be3 Nf6 8. Nc3 Be7 9. f4 d6 10. Qe1 O-O 11. Qg3 Nxd4 12. Bxd4 b5 13. a3 Bb7 14. Bd3 g6 15. Rae1 Nh5 16. Qh3 Nxf4 17. Rxf4 e5 18. Rf3 exd4 19. Nd5 Bxd5 20. exd5 Bg5 21. Qg4 Be3+ 22. Kh1 Rae8 23. Ref1 Kh8 24. Rf6 Bh6 25. h4 Bg7 26. R6f3 f5 27. Qg5 Bf6 28. Qg3 Be5 29. Qh3 Kg7 30. h5 Qe7 31. g4 f4 32. h6+ Kh8 33. Qg2 Qg5 34. Rh3 Bf6 35. a4 bxa4 36. Bxa6 Re3 37. Bd3 Be5 38. Rhf3 Qxh6+ 39. Kg1 Qg5 40. Kf2 Qh4+ 41. Kg1 Kg7 42. Rxe3 dxe3 43. Qf3 Qg5 44. Kg2 h5 45. Qe4 hxg4 46. Rh1 f3+ 47. Kf1 e2+ 48. Ke1 Bg3# 0-1


[Site "https://www.chess.com"]

[Event "Titled Tuesday Blitz February 28 Early 2023"]
[White "Derix, Bernhard"]
[Black "Jovic, Stanoje"]
[WhiteFideId "4642368"]
[BlackFideId "905020"]
[WhiteElo "2598"]
[BlackElo "2236"]
[Result "0-1"]
[Round "06"]
[TimeControl "180+2"]
[Date "2023.02.28"]
[WhiteClock "0:00:30"]
[BlackClock "0:00:32"]

1. e4 c6 2. d3 d5 3. Nd2 g6 4. Ngf3 Bg4 5. h3 Bxf3 6. Qxf3 Bg7 7. g3 Nf6 8. Bg2 O-O 9. O-O a5 10. Qe2 a4 11. e5 Nfd7 12. Nf3 c5 13. e6 Nb6 14. exf7+ Rxf7 15. Ng5 Rf6 16. Ne6 Qd6 17. Re1 Nc6 18. Bf4 Rxf4 19. gxf4 a3 20. c3 Bf6 21. Rab1 Na4 22. Qf3 axb2 23. d4 cxd4 24. cxd4 Nxd4 25. Nxd4 Bxd4 26. Qd1 Qc5 27. Rf1 Nc3 28. Qb3 Nxb1 29. Bxd5+ Kg7 30. Rxb1 Bxf2+ 31. Kh1 Bd4 32. Rd1 Ra3 33. Qxb7 Rxh3+ 34. Kg2 Re3 35. Rxd4 Qxd4 36. Qxe7+ Rxe7 0-1


[Site "https://www.chess.com"]

[Event "Titled Tuesday Blitz February 28 Early 2023"]
[White "Sielecki, Christof"]
[Black "Rian, Kapriaga"]
[WhiteFideId "4620437"]
[BlackFideId "7103263"]
[WhiteElo "2443"]
[BlackElo "2383"]
[Result "1-0"]
[Round "06"]
[TimeControl "180+2"]
[Date "2023.02.28"]
[WhiteClock "0:00:18"]
[BlackClock "0:00:03"]

1. e4 c6 2. d4 d5 3. exd5 cxd5 4. Bd3 Nc6 5. c3 Qc7 6. h3 g6 7. Nf3 Bf5 8. O-O Nf6 9. Re1 Bg7 10. Bxf5 gxf5 11. Nh4 e6 12. Nxf5 Rg8 13. Qf3 O-O-O 14. Nxg7 Ne4 15. Nh5 f5 16. Nf4 Qf7 17. Nd2 Rg7 18. Nxe4 dxe4 19. Qh5 Qf6 20. Be3 Rdg8 21. Kh1 Ne7 22. Rad1 Rg5 23. Qe2 R5g7 24. Nh5 Qh4 25. Nxg7 Rxg7 26. Qd2 Nd5 27. c4 f4 28. cxd5 f3 29. Qc2+ Kb8 30. Rc1 a6 31. Qc8+ Ka7 32. Qxe6 fxg2+ 33. Kg1 Rg6 34. Qf5 Rg7 35. d6 Rf7 36. d5+ Kb8 37. Rc8# 1-0


[Site "https://www.chess.com"]

[Event "Titled Tuesday Blitz February 28 Early 2023"]
[White "Boraso, Alessio"]
[Black "Pinheiro, Iung Alicio de O."]
[WhiteFideId "848077"]
[BlackFideId "2104350"]
[WhiteElo "2286"]
[BlackElo "2283"]
[Result "0-1"]
[Round "06"]
[TimeControl "180+2"]
[Date "2023.02.28"]
[WhiteClock "0:00:01"]
[BlackClock "0:00:10"]

1. Nf3 d5 2. e3 c6 3. b3 Nf6 4. Bb2 Bf5 5. d4 Nbd7 6. Bd3 e6 7. Nbd2 Ne4 8. O-O Bd6 9. Ne5 f6 10. Nxd7 Qxd7 11. f3 Nxd2 12. Qxd2 Bg6 13. e4 Qc7 14. g3 O-O-O 15. c4 dxe4 16. Bxe4 c5 17. Qf2 Kb8 18. Rad1 Bh5 19. Rd2 Rd7 20. Kg2 Rhd8 21. Rfd1 b6 22. d5 e5 23. Bf5 Re7 24. a3 Bg6 25. Be6 e4 26. f4 Bh5 27. Re1 Bf3+ 28. Kg1 Rf8 29. Bc3 g5 30. fxg5 fxg5 31. Rxe4 Ree8 32. Re3 g4 33. Qe1 h5 34. Be5 h4 35. gxh4 Rf4 36. Bxd6 Qxd6 37. Qg3 Ref8 38. Rf2 Kb7 39. Rfxf3 gxf3 40. Rxf3 Qe5 41. Rxf4 Rxf4 42. Bg4 Qa1+ 43. Kg2 Qf1# 0-1


[Site "https://www.chess.com"]

[Event "Titled Tuesday Blitz February 28 Early 2023"]
[White "Karttunen, Mika"]
[Black "Alahakoon, Isuru"]
[WhiteFideId "502081"]
[BlackFideId "9900993"]
[WhiteElo "2396"]
[BlackElo "1995"]
[Result "1-0"]
[Round "06"]
[TimeControl "180+2"]
[Date "2023.02.28"]
[WhiteClock "0:00:12"]
[BlackClock "0:00:05"]

1. d4 d5 2. c4 e6 3. Nc3 Nf6 4. cxd5 exd5 5. Bg5 c6 6. e3 Bd6 7. Qc2 O-O 8. Bd3 h6 9. Bh4 Re8 10. Nge2 a5 11. Bg3 Na6 12. a3 Nc7 13. O-O Ne6 14. f3 Bxg3 15. Nxg3 Ng5 16. Qd2 h5 17. Nh1 h4 18. h3 Qd6 19. Qf2 Qe7 20. Rae1 Bxh3 21. Qxh4 Nfe4 22. Qh5 g6 23. Qh6 Nxc3 24. gxh3 Na4 25. h4 Nh7 26. Rf2 Qf6 27. Ng3 Qg7 28. Qf4 Nf6 29. Rg2 Kf8 30. Nf5 Qh8 31. Qd6+ Kg8 32. h5 Qxh5 33. Qxf6 Qh7 34. Rh2 Re6 35. Ne7+ Kf8 36. Qh8+ Qxh8 37. Rxh8+ Kxe7 38. Rxa8 Nxb2 39. Bf1 b5 40. Rxa5 Nc4 41. Bxc4 bxc4 42. Ra7+ Kf6 43. Kf2 Re8 44. Rc7 Rh8 45. Rxc6+ Kg7 46. Kg2 Rb8 47. Re2 Rb3 48. Rc5 Rxa3 49. Rxd5 c3 50. Rc5 Rb3 51. Rc2 g5 52. R5xc3 Rb1 53. Rc5 f6 54. Rd2 Kg6 55. d5 Kf5 56. d6+ Ke6 57. d7 Rb8 58. d8=Q Rxd8 59. Rxd8 1-0


[Site "https://www.chess.com"]

[Event "Titled Tuesday Blitz February 28 Early 2023"]
[White "Prudnykova, Olga"]
[Black "benny_aizenberg"]
[WhiteFideId "14121093"]
[WhiteElo "2174"]
[BlackElo "2573"]
[Result "0-1"]
[Round "06"]
[TimeControl "180+2"]
[Date "2023.02.28"]
[WhiteClock "0:00:01"]
[BlackClock "0:00:15"]

1. e4 c5 2. Nf3 e6 3. Nc3 Nc6 4. d4 cxd4 5. Nxd4 Nf6 6. Nxc6 bxc6 7. e5 Nd5 8. Ne4 Qc7 9. f4 Rb8 10. c4 Bb4+ 11. Ke2 O-O 12. cxd5 cxd5 13. Ng5 f6 14. exf6 Rxf6 15. Qd3 Rf5 16. g4 Ba6 17. Qxa6 Qc2+ 18. Kf3 Rxg5 19. Bd3 Qc5 20. h4 Re5 21. fxe5 Rf8+ 22. Ke2 Qf2+ 23. Kd1 Qf3+ 24. Kc2 Qxh1 25. Qb5 a5 26. Qxd7 Rf2+ 27. Kb3 Qd1+ 28. Bc2 Qxc2# 0-1


[Site "https://www.chess.com"]

[Event "Titled Tuesday Blitz February 28 Early 2023"]
[White "Aggelis, Nikolaos"]
[Black "Skaric, Djuro"]
[WhiteFideId "4213220"]
[BlackFideId "934569"]
[WhiteElo "2189"]
[BlackElo "2282"]
[Result "1/2-1/2"]
[Round "06"]
[TimeControl "180+2"]
[Date "2023.02.28"]
[WhiteClock "0:01:32"]
[BlackClock "0:01:20"]

1. c4 d6 2. g3 Nf6 3. Bg2 g6 4. Nf3 Bg7 5. O-O O-O 6. b3 Nc6 7. Bb2 e5 8. d4 Nd7 9. dxe5 Ndxe5 10. Nxe5 dxe5 11. Nc3 Be6 12. Qxd8 Rfxd8 13. Nd5 Rd7 14. Rfd1 Rad8 15. e3 f5 16. b4 a6 17. a3 Kf7 18. Rac1 e4 19. Bxg7 Kxg7 20. Bf1 Ne5 21. Be2 h5 22. Kf1 c6 23. Nb6 Rxd1+ 24. Rxd1 Rxd1+ 25. Bxd1 Nxc4 26. Nxc4 Bxc4+ 27. Ke1 Kf6 28. Kd2 Ke5 29. Kc3 Bd5 30. h4 b6 31. Be2 a5 32. bxa5 bxa5 33. Ba6 Kd6 34. Bc8 Bf7 35. Ba6 Kc5 36. Be2 Be6 37. Ba6 Bf7 38. Be2 Kd6 39. Kd4 c5+ 40. Kc3 Kc6 41. Ba6 Be6 42. Be2 Kb6 43. Bf1 Bd5 44. Be2 Be6 45. Bf1 Bd5 46. Be2 Be6 1/2-1/2


[Site "https://www.chess.com"]

[Event "Titled Tuesday Blitz February 28 Early 2023"]
[White "Delgado Rosas, Fatima Alexandra"]
[Black "Taboas Rodriguez, Daniel"]
[WhiteFideId "6603963"]
[BlackFideId "2208466"]
[WhiteElo "2331"]
[BlackElo "2365"]
[Result "1/2-1/2"]
[Round "06"]
[TimeControl "180+2"]
[Date "2023.02.28"]
[WhiteClock "0:00:19"]
[BlackClock "0:00:20"]

1. d4 Nf6 2. c4 g6 3. Nc3 Bg7 4. Nf3 O-O 5. g3 b6 6. Bg2 Bb7 7. O-O Ne4 8. Qc2 Nxc3 9. bxc3 Nc6 10. e4 e5 11. Be3 d6 12. Rfd1 Qe7 13. Rab1 Ba6 14. c5 Na5 15. cxd6 cxd6 16. Nd2 Rac8 17. Qa4 Qe8 18. Qa3 Qc6 19. Rbc1 Rfd8 20. Bg5 Rd7 21. d5 Qc5 22. Qxc5 Rxc5 23. Nb3 Nxb3 24. axb3 Bb7 25. Be3 Ra5 26. Ra1 Rxa1 27. Rxa1 Bc8 28. Bh3 f5 29. c4 Rf7 30. f3 h5 31. Bg2 f4 32. Bf2 g5 33. b4 Bf8 34. gxf4 exf4 35. Bd4 Bg7 36. Bxg7 Kxg7 37. Bf1 Kf6 38. Rc1 Ke5 39. c5 bxc5 40. bxc5 dxc5 41. Rxc5 Bb7 42. Ra5 Bc8 43. Bc4 Rc7 44. Bb3 Rc3 45. Ba2 a6 46. Kf2 g4 47. fxg4 hxg4 48. Ra4 Rc2+ 49. Kg1 f3 50. Bc4 Bd7 51. Rb4 a5 52. Rb7 Rxc4 53. Rxd7 Kxe4 54. d6 Rd4 55. Re7+ Kd3 56. d7 a4 57. Kf2 a3 58. Re3+ Kc4 59. Rxa3 Rxd7 60. Ra4+ Kd3 61. Rxg4 Rf7 62. Rg3 Ke4 63. Rg4+ Ke5 64. Rg3 Ke4 65. Rg4+ Ke5 66. h4 Rf8 67. Ra4 Rf7 68. Ra5+ Kf4 69. Ra4+ Ke5 70. Ra3 Ke4 71. Re3+ Kd4 72. Rxf3 Rxf3+ 73. Kxf3 Ke5 74. Kg4 Kf6 75. Kh5 Kg7 76. Kg5 Kh8 77. h5 Kg8 78. h6 Kh8 79. Kh5 Kg8 80. Kg5 Kh8 81. Kg6 Kg8 82. h7+ Kh8 83. Kh6 1/2-1/2


[Site "https://www.chess.com"]

[Event "Titled Tuesday Blitz February 28 Early 2023"]
[White "Florescu, Codrut-Constantin"]
[Black "Buscar, Michael"]
[WhiteFideId "1202200"]
[BlackFideId "2603616"]
[WhiteElo "2191"]
[BlackElo "2010"]
[Result "1-0"]
[Round "06"]
[TimeControl "180+2"]
[Date "2023.02.28"]
[WhiteClock "0:01:19"]
[BlackClock "0:01:03"]

1. e4 c5 2. Nf3 Nc6 3. d4 cxd4 4. Nxd4 Nf6 5. Nc3 e5 6. Ndb5 h6 7. Nd5 Nxd5 8. exd5 a6 9. Nc3 Nb8 10. Bd3 d6 11. O-O Be7 12. f4 Nd7 13. f5 Bg5 14. Ne4 Bxc1 15. Rxc1 Nf6 16. c4 Nxe4 17. Bxe4 Qb6+ 18. Rf2 Bd7 19. Qd2 O-O-O 20. b4 Kb8 21. c5 Qc7 22. c6 Bc8 23. a4 b6 24. a5 b5 25. Qe3 Rde8 26. Qb6+ Qxb6 27. axb6 Re7 28. f6 gxf6 29. Rxf6 Rd8 30. c7+ 1-0


[Site "https://www.chess.com"]

[Event "Titled Tuesday Blitz February 28 Early 2023"]
[White "Bilan, Danila"]
[Black "Lopez Del Alamo, Antonio"]
[WhiteFideId "24161918"]
[BlackFideId "2227339"]
[WhiteElo "2182"]
[BlackElo "2175"]
[Result "1/2-1/2"]
[Round "06"]
[TimeControl "180+2"]
[Date "2023.02.28"]
[WhiteClock "0:00:08"]
[BlackClock "0:00:41"]

1. d4 Nf6 2. Nf3 g6 3. Bg5 Bg7 4. c3 O-O 5. Nbd2 d5 6. e3 c5 7. Bd3 Nc6 8. O-O b6 9. Qe2 Bb7 10. Ba6 Qc8 11. Bxb7 Qxb7 12. a4 Rfe8 13. dxc5 bxc5 14. Qb5 Qb6 15. c4 Rab8 16. Bxf6 Bxf6 17. cxd5 Nb4 18. Qxb6 axb6 19. e4 Bxb2 20. Rab1 Bg7 21. Nc4 b5 22. axb5 Rxb5 23. Rfd1 Reb8 24. g3 Nc2 25. Rxb5 Rxb5 26. Rc1 Nd4 27. Nxd4 Bxd4 28. Rc2 Kg7 29. Kg2 Rb4 30. Na5 Rb2 31. Rxb2 Bxb2 32. Nc4 Bd4 33. f4 Kf8 34. Kf3 Ke8 35. e5 Kd7 36. Ke4 h5 37. h3 Kc7 38. g4 hxg4 39. hxg4 Kd7 40. f5 gxf5+ 41. Kxf5 Bf2 42. e6+ fxe6+ 43. dxe6+ Kc6 44. g5 Bd4 45. Ne5+ Kd5 46. Nd7 c4 47. g6 c3 48. Nb6+ Kc6 49. Nc4 c2 50. Na5+ Kb5 51. Nb3 Bg7 52. Nc1 Kc4 53. Ke4 Kc3 54. Ne2+ Kb2 55. Kd3 c1=Q 56. Nxc1 Kxc1 57. Kc4 Kd2 58. Kd5 Ke3 59. Kc6 Ke4 60. Kd7 Bf6 61. g7 Bxg7 62. Kxe7 Kf5 63. Kf7 Bf6 64. e7 Bxe7 1/2-1/2


[Site "https://www.chess.com"]